 Dungeon Crawl Stone Soup version 0.29-a0-923-g6e406bff71 (webtiles) character file.

Game seed: 6348689343070520840

16999 wingedge the Arsonist (level 13, -17/108 HPs)
             Began as a Meteoran Wanderer on July 27, 2022.
             Was a High Priest of Vehumet.
             Killed from afar by a gargoyle (19 damage)
             ... with a stone arrow
             ... on level 12 of the Dungeon.
             The game lasted 01:46:14 (7017 turns).

wingedge the Arsonist (Meteoran Wanderer)           Turns: 7017, Time: 01:46:14

Health: -17/108    AC: 22    Str: 14    XL:     13   Next: 10%
Magic:  14/27      EV: 13    Int: 16    God:    Vehumet [*****.]
Gold:   498        SH:  0    Dex: 21    Spells: 16/30 levels left

rFire   + . .      SeeInvis +   C - +3 scimitar (flame)
rCold   + . .      Faith    .   (no shield)
rNeg    . . .      Spirit   .   k - +4 scale mail {Will+}
rPois   .          Reflect  .   b - +2 helmet {SInv}
rElec   .          Harm     .   h - +2 cloak "Joerch" {Dex+4}
rCorr   .          Rampage  .   y - +1 pair of gloves
Will    ++...                   K - +0 pair of boots
Stlth   ..........              (no amulet)
HPRegen 0.28/turn               d - ring of protection from fire
MPRegen 0.20/turn               J - ring of protection from cold

@: glowing
A: sense surroundings 2, otherworldly, glowing, explore regen
a: Renounce Religion


You were on level 12 of the Dungeon.
You worshipped Vehumet.
Vehumet was extremely pleased with you.
You visited 3 branches of the dungeon, and saw 15 of its levels.
You also visited: Sewer and Bailey.

You collected 722 gold pieces.
You spent 224 gold pieces at shops.

Inventory:

Hand Weapons
 a - a +2 dagger of electrocution
 p - a +0 rapier of flaming
 v - a +0 dagger of holy wrath
 C - a +3 scimitar of flaming (weapon)
Missiles
 j - 2 silver boomerangs
 w - 5 boomerangs of dispersal
 G - 10 curare-tipped darts
Armour
 b - a +2 helmet of see invisible (worn)
 h - the +2 cloak "Joerch" (worn) {Dex+4}
   (You found it in a bailey)

   Dex:       It affects your dexterity (+4).
 k - a +4 scale mail of willpower (worn)
 u - a +2 leather armour of cold resistance
 y - a +1 pair of gloves (worn)
 K - a +0 pair of boots (worn)
 O - a +0 pair of gloves
Jewellery
 d - a ring of protection from fire (left hand)
 g - a ring of flight
 J - a ring of protection from cold (right hand)
Wands
 f - a wand of polymorph (7)
 N - a wand of flame (6)
Scrolls
 e - a scroll of torment
 q - a scroll of magic mapping
 A - 3 scrolls of fog
 D - a scroll of vulnerability
 M - 2 scrolls of immolation
Potions
 l - 4 potions of ambrosia
 m - 4 potions of mutation
 r - 3 potions of flight {unknown}
 s - 3 potions of attraction
 x - a potion of invisibility {unknown}
 z - 5 potions of might {unknown}
 B - 2 potions of lignification
 F - 2 potions of heal wounds {unknown}
 I - 4 potions of magic {unknown}
 L - a potion of brilliance {unknown}
 P - 3 potions of haste {unknown}
 Q - a potion of resistance {unknown}
Miscellaneous
 i - a box of beasts (inert)


   Skills:
 * Level 8.6 Fighting
 - Level 4.8(6.0) Short Blades
 * Level 6.0(7.0) Long Blades
 - Level 2.5 Polearms
 - Level 4.0 Throwing
 * Level 7.9 Armour
 + Level 6.1 Dodging
 + Level 9.3 Spellcasting
 * Level 9.6 Conjurations
 + Level 4.1 Translocations
 * Level 10.0 Fire Magic
 + Level 6.2 Evocations


You had 16 spell levels left.
You knew the following spells:

 Your Spells              Type           Power      Damage    Failure   Level
a - Foxfire               Conj/Fire      100%       2x1d9     1%          1
b - Conjure Flame         Conj/Fire      39%        6-21      1%          3
c - Scorch                Fire           78%        2d8       1%          2
d - Sticky Flame          Conj/Fire      39%        2d6       1%          4
e - Iskenderun's Mystic   Conj/Tloc      29%        2d7       5%          4

Your spell library contained the following spells:

 Spells                   Type           Power      Damage    Failure   Level
 Spellforged Servitor     Conj/Summ      11%        N/A       100%        7
 Ignite Poison            Fire/Tmut/Pois 18%        N/A       7%          3
 Mephitic Cloud           Conj/Pois/Air  17%        N/A       7%          3
 Sandblast                Erth           14%        2d6       9%          1
 Poisonous Vapours        Pois/Air       14%        N/A       13%         2
 Freezing Cloud           Conj/Ice/Air   8%         6-21      50%         5
 Airstrike                Air            3%         0-2+      58%         4
 Silence                  Hex/Air        3%         N/A       100%        5
 Storm Form               Tmut/Air       3%         N/A       100%        7


Dungeon Overview and Level Annotations

Branches:
Dungeon (13/15) Zot: 1513  Temple (1/1) D:6 Zot: 579    Lair (1/5) D:11 Zot: 592
    Orc (0/2) D:11          Sewer (visited)          Bailey (visited)
 Vaults: D:13-14

Altars:
Ashenzari
Dithmenos
Elyvilon
Qazlal
Ru
Trog
Vehumet
Xom
Yredelemnul

Shops:
D:2 ?   D:7 :

Annotations:
D:12 Kirke


Innate Abilities, Weirdness & Mutations

You passively map the area around you.
You are easily found by Zot.
You glow in the dark.
You regain HP and MP as you explore.


Message History

The gnoll sergeant hits you from afar with a +2 antimagic spear.
* * * LOW HITPOINT WARNING * * *
You feel your power leaking away.
The skeletal warrior hits you but does no damage.
Casting: Iskenderun's Mystic Blast (dangerous; 5% risk of failure)
Confirm with . or Enter, or press ? or * to list all spells.
You erupt in a blast of force!
The mystic blast hits the gnoll!
You kill the gnoll!
Vehumet accepts your kill.
The mystic blast hits the gnoll!
You kill the gnoll!
Vehumet accepts your kill.
You feel your power returning.
The mystic blast hits the slime creature.
The slime creature is heavily wounded.
The slime creature is knocked back by the mystic blast.
The mystic blast hits the gnoll sergeant.
The gnoll sergeant is lightly wounded.
The gnoll sergeant is knocked back by the mystic blast.
The mystic blast hits the gnoll!
You kill the gnoll!
Vehumet accepts your kill.
You feel your power returning.
The mystic blast hits the gargoyle but does no damage.
The gargoyle is almost destroyed.
The mystic blast hits the skeletal warrior but does no damage.
The skeletal warrior is almost destroyed.
The gargoyle hits you with a +0 mace of holy wrath!
* * * LOW HITPOINT WARNING * * *
The skeletal warrior hits you but does no damage.
Casting: Iskenderun's Mystic Blast (dangerous; 5% risk of failure)
Confirm with . or Enter, or press ? or * to list all spells.
You erupt in a blast of force!
The mystic blast hits the gargoyle but does no damage.
The gargoyle is almost destroyed.
The mystic blast hits the skeletal warrior but does no damage.
The skeletal warrior is almost destroyed.
The gargoyle hurls a stone arrow at you.
The stone arrow hits you!!
You die...

###### ##.## ,
..h..# * #...#
####@#* , #...# *
..., , #...# , ,.h.#
#...# * ##.# * #.g)#
, , ** .. ,, #..)#
,.#..######...####
*,
.#..J....@z.......,
,* * , , ,
........9....... **
* * ..$....)........
* , , *
,,,,..####.#...#.##.
, * ,* * ** .*
#.#...#.# , *
#.#...# #* * ,
#.#...# * , #. ...#
* * ,,,, ,* *


You could see a skeletal warrior, a slime creature, a gargoyle and a gnoll
sergeant.

Vanquished Creatures
  Erica (D:8)
  3 two-headed ogres
  5 death yaks (D:11)
  A gargoyle (Bailey)
  An unseen horror (D:11)
  2 trolls
  A hornet (D:9)
  Grinder (D:4)
  6 dream sheep (D:11)
  A shadow (D:10)
  A centaur simulacrum (D:9)
  A vampire (Bailey)
  A wyvern (D:10)
  5 yaks (D:11)
  A steam dragon (D:8)
  4 humans (D:11)
  Duvessa (D:6)
  2 water moccasins
  8 orc warriors
  2 black bears
  An ogre (D:6)
  7 centaurs
  3 kobold brigands
  3 bullfrogs
  Blork the orc (D:6)
  A necrophage (D:6)
  A gnoll sergeant (D:6)
  7 wights
  22 killer bees
  5 howler monkeys
  8 vampire bats (Bailey)
  An electric eel (D:6)
  6 wolf zombies (Bailey)
  13 orc priests
  A hound (D:5)
  A gnoll bouda (D:6)
  5 iguanas
  14 orc wizards
  11 adders
  11 gnolls
  4 river rats (D:11)
  3 shadow imps
  An ufetubus (D:5)
  A worm (D:3)
  5 dart slugs
  43 orcs
  4 bats
  7 endoplasms
  4 giant cockroaches (D:3)
  11 goblins
  5 hobgoblins
  5 jackals
  2 quokkas
  4 ball pythons
  7 frilled lizards
  15 kobolds
  22 orc zombies (Bailey)
  7 rats
320 creatures vanquished.

Vanquished Creatures (collateral kills)
  2 death yaks (D:11)
  Joseph (D:7)
  Dowan (D:6)
  An orc wizard (D:7)
  3 orcs (D:7)
8 creatures vanquished.

Vanquished Creatures (others)
  A hound (D:6)
  773 foxfires
  28 plants
802 creatures vanquished.

Grand Total: 1130 creatures vanquished

Notes
Turn   | Place    | Note
-------+----------+-------------------------------------------
     0 | D:1      | wingedge the Meteoran Wanderer began the quest for the Orb.
     0 | D:1      | wingedge set off with the following items: a +0 falchion, a
                  | +0 ring mail, a scroll of blinking; and the following spell
                  | memorised: Foxfire; and the following spells available to
                  | memorise: Conjure Flame, Sticky Flame.
     0 | D:1      | Reached XP level 1. HP: 14/14 MP: 6/6
    97 | D:1      | Reached XP level 2. HP: 22/22 MP: 6/8
   194 | D:1      | Reached skill level 1 in Conjurations
   204 | D:1      | Found a faded altar of an unknown god.
   271 | D:1      | Reached skill level 1 in Fighting
   286 | D:1      | Reached XP level 3. HP: 28/28 MP: 7/9
   581 | D:2      | Reached skill level 5 in Fire Magic
   611 | D:2      | Reached XP level 4. HP: 18/36 MP: 8/11
   697 | D:2      | Found Ytee's Magic Scroll Boutique.
   715 | D:2      | Bought a scroll of enchant armour for 105 gold pieces
   985 | D:2      | Bought a scroll of noise for 14 gold pieces
  1098 | D:3      | Reached XP level 5. HP: 41/41 MP: 6/12
  1122 | D:3      | Reached skill level 1 in Polearms
  1187 | D:3      | Found a glowing drain.
  1210 | Sewer    | Entered a sewer
  1243 | Sewer    | Noticed a water moccasin
  1252 | Sewer    | Killed a water moccasin
  1253 | Sewer    | Reached XP level 6. HP: 18/51 MP: 6/13
  1703 | D:2      | Bought a scroll of blinking for 105 gold pieces
  1890 | D:4      | Noticed Grinder
  1913 | D:4      | Paralysed by Grinder for 2 turns
  1915 | D:4      | Killed Grinder
  1916 | D:4      | Reached skill level 1 in Short Blades
  1916 | D:4      | Reached skill level 1 in Throwing
  1916 | D:4      | Reached skill level 1 in Dodging
  1916 | D:4      | Reached XP level 7. HP: 39/58 MP: 1/14
  2139 | D:5      | Entered Level 5 of the Dungeon
  2235 | D:5      | Reached XP level 8. HP: 63/66 MP: 10/15
  2571 | D:6      | Reached skill level 5 in Conjurations
  2571 | D:6      | Noticed Dowan
  2599 | D:6      | Killed Dowan
  2605 | D:6      | Reached skill level 5 in Spellcasting
  2610 | D:6      | Noticed Duvessa
  2622 | D:6      | Killed Duvessa
  2623 | D:6      | Gained mutation: You passively map the area around you.
                  | [Meteoran growth]
  2623 | D:6      | Reached XP level 9. HP: 38/72 MP: 15/17
  2685 | D:5      | Reached skill level 6 in Fire Magic
  2745 | D:6      | Noticed Blork the orc
  2755 | D:6      | Killed Blork the orc
  2809 | D:6      | Reached skill level 5 in Fighting
  2915 | D:6      | Learned a level 3 spell: Conjure Flame
  2941 | D:6      | Found a staircase to the Ecumenical Temple.
  2965 | Temple   | Entered the Ecumenical Temple
  2976 | Temple   | Became a worshipper of Vehumet
  3206 | D:7      | Reached XP level 10. HP: 57/81 MP: 3/20
  3284 | D:7      | Reached skill level 5 in Armour
  3369 | D:7      | Found a flagged portal.
  3382 | Bailey   | Entered a bailey
  3412 | Bailey   | Reached skill level 7 in Fire Magic
  3423 | Bailey   | Reached * piety under Vehumet
  3423 | Bailey   | Offered knowledge of Sandblast by Vehumet.
  3554 | Bailey   | Noticed a gargoyle
  3569 | Bailey   | Killed a gargoyle
  3638 | Bailey   | Reached ** piety under Vehumet
  3639 | Bailey   | Offered knowledge of Scorch by Vehumet.
  3650 | Bailey   | Learned a level 2 spell: Scorch
  3655 | Bailey   | Learned a level 4 spell: Sticky Flame
  3886 | Bailey   | Identified the +2 cloak "Joerch" {Dex+4}
  3886 | Bailey   | Glimpsed the power of Zot.
  3936 | Bailey   | Glimpsed the power of Zot.
  4036 | D:7      | Found Saca's Book Shoppe.
  4144 | D:7      | Noticed Joseph
  4167 | D:7      | Killed Joseph
  4222 | D:7      | Offered knowledge of Searing Ray by Vehumet.
  4541 | D:8      | Reached *** piety under Vehumet
  4550 | D:8      | Noticed a two-headed ogre
  4557 | D:8      | Reached XP level 11. HP: 75/91 MP: 12/23
  4566 | D:8      | Killed a two-headed ogre
  4567 | D:8      | Reached skill level 8 in Fire Magic
  4670 | D:8      | Found a sacrificial altar of Ru.
  4674 | D:8      | Offered knowledge of Frozen Ramparts by Vehumet.
  4932 | D:8      | Noticed Erica
  4939 | D:8      | Killed Erica
  4940 | D:8      | Reached skill level 5 in Evocations
  5328 | D:9      | Noticed a two-headed ogre
  5339 | D:9      | Killed a two-headed ogre
  5811 | D:9      | Reached **** piety under Vehumet
  5812 | D:9      | Reached skill level 5 in Dodging
  5956 | D:10     | Entered Level 10 of the Dungeon
  6014 | D:10     | Offered knowledge of Iskenderun's Mystic Blast by Vehumet.
  6020 | D:10     | Learned a level 4 spell: Iskenderun's Mystic Blast
  6107 | D:10     | Noticed a two-headed ogre
  6115 | D:10     | Reached skill level 9 in Fire Magic
  6120 | D:10     | Killed a two-headed ogre
  6121 | D:10     | Reached skill level 1 in Translocations
  6121 | D:10     | Reached XP level 12. HP: 57/101 MP: 5/25
  6193 | D:10     | Got the Parchment of the Geologist and Conduction
  6385 | D:11     | Noticed a death yak
  6393 | D:11     | Noticed a death yak
  6398 | D:11     | Noticed a death yak
  6411 | D:11     | Killed a death yak
  6412 | D:11     | Found a staircase to the Lair.
  6420 | Lair:1   | Entered Level 1 of the Lair of Beasts
  6430 | D:11     | Killed a death yak
  6434 | D:11     | Killed a death yak
  6528 | D:11     | Noticed a death yak
  6528 | D:11     | Noticed a death yak
  6543 | D:11     | Noticed a death yak
  6606 | D:11     | Reached skill level 5 in Long Blades
  6690 | D:11     | Found a staircase to the Orcish Mines.
  6797 | D:11     | Killed a death yak
  6804 | D:11     | Killed a death yak
  6804 | D:11     | Reached ***** piety under Vehumet
  6828 | D:11     | Offered knowledge of Spellforged Servitor by Vehumet.
  6877 | D:11     | Noticed a death yak
  6877 | D:11     | Noticed a death yak
  6878 | D:11     | Noticed a death yak
  6878 | D:11     | Noticed a death yak
  6889 | D:11     | Reached XP level 13. HP: 44/108 MP: 13/27
  6899 | D:11     | Killed a death yak
  6900 | D:11     | Reached skill level 10 in Fire Magic
  6900 | D:11     | Killed a death yak
  6990 | D:12     | Noticed Kirke
  7016 | D:12     | HP: 2/108 [gargoyle/+0 mace of holy wrath (11)]
  7017 | D:12     | Killed from afar by a gargoyle

Illustrated notes

Levels and vault maps discovered:
D:1:      dpeg_arrival_short_road, layout_rooms,
          hellmonk_ecumenical_altar_dog_temple, minmay_tetromino_l4
D:2:      layout_loops_ring, serial_shops, nicolae_shop_advertising_works
          [nicolae_subvault_shop_adworks], supply_closet_lemuel
D:3:      layout_basic, gup_sewer_entry_glass, hangedman_decor_peaks_small,
          minivault_26
D:4:      layout_basic, uniq_grinder
D:5:      layout_cave_pools, minmay_misc_feat_room
D:6:      layout_loops_ring, minmay_temple_entry_statues_pillars,
          serial_bayou_lake_a, uniq_blork_the_orc, uniq_duvessa, uniq_maggie
D:7:      layout_basic, serial_shops, shop, enter_bailey_3, uniq_joseph
D:8:      layout_loops_ring, nicolae_ru_great_annihilating_truth, uniq_erica
D:9:      layout_basic
D:10:     layout_rooms
D:11:     slaughterhouse, layout_cave_pods, dpeg_lair_monsters, david_orc_4,
          maelrawn_ghost_gauntlet_escape
D:12:     layout_loops_cross, nzn_sisyphean_effort, uniq_maurice, uniq_psyche,
          uniq_kirke
D:13:     layout_cave_pools, skrybe_vaults_entry_preservation,
          kennysheep_flooded_box
Temple:   compressed_dpeg_circular_temple
Lair:1:   layout_roguey, columned_hall_lemuel, uniq_gastronok

Skill      XL: |  1  2  3  4  5  6  7  8  9 10 11 12 13 |
---------------+----------------------------------------+-----
Conjurations   | 1 2 3 4 5 6 7 8 9 |  9.6
Fighting       | 1 2 3 4 5 6 7 8 |  8.6
Long Blades    | 2 4 5 6 |  6.0
Fire Magic     | 5 6 7 9 10 | 10.0
Polearms       | 2 |  2.5
Short Blades   | 1 2 3 4 |  4.8
Throwing       | 1 2 3 4 |  4.0
Armour         | 2 3 4 6 7 |  7.9
Dodging        | 1 2 3 4 5 6 |  6.1
Evocations     | 2 3 4 5 6 |  6.2
Spellcasting   | 5 6 7 8 9 |  9.3
Translocations | 1 4 |  4.1

Action                   |  1- 3 |  4- 6 |  7- 9 | 10-12 | 13-15 || total
-------------------------+-------+-------+-------+-------+-------++-------
Melee: Falchion          |    46 |     7 |       |       |       ||    53
       Punch             |     2 |       |     1 |     2 |     1 ||     6
       Spear             |       |    14 |       |       |       ||    14
       Dagger            |       |    24 |    88 |    87 |       ||   199
       Scimitar          |       |       |       |   106 |     7 ||   113
       Rapier            |       |       |       |    24 |       ||    24
Throw: Dart              |     1 |       |     3 |     1 |     1 ||     6
       Boomerang         |       |       |       |     2 |       ||     2
 Cast: Foxfire           |    30 |    81 |   144 |   221 |       ||   476
       Conjure Flame     |       |       |     1 |     7 |     1 ||     9
       Scorch            |       |       |       |    64 |     8 ||    72
       Sticky Flame      |       |       |       |    64 |     7 ||    71
       Iskenderun's Myst |       |       |       |     3 |     4 ||     7
Evoke: Wand              |       |       |    21 |     1 |     2 ||    24
       Box of beasts     |       |       |       |     1 |     1 ||     2
  Use: Potion            |     1 |       |     4 |       |     2 ||     7
       Scroll            |       |     1 |    12 |    10 |     6 ||    29
 Stab: Betrayed ally     |       |       |       |     1 |       ||     1
       Paralysed         |       |       |       |     1 |       ||     1
Armor: Ring mail         |    30 |    16 |    13 |       |       ||    59
       Scale mail        |       |       |    83 |   236 |    21 ||   340
Dodge: Dodged            |    30 |    27 |    66 |   171 |    24 ||   318

Table legend: (Time is in decaauts)
 A = Elapsed time spent in this place.
 B = Non-inter-level travel time spent in this place.
 C = Inter-level travel time spent in this place.
 D = Time resting spent in this place.
 E = Time spent auto-exploring this place.
 F = Levels seen in this place.
 G = Mean time per level.
                   A        B        C        D        E       F      G
               +--------+--------+--------+--------+--------+-----+--------+
         Total |   7011 |   6482 |    529 |    113 |      0 |  17 |  412.4 |
       Dungeon |   6285 |   5756 |    529 |      0 |      0 |  13 |  483.5 |
        Temple |     20 |     20 |      0 |      0 |      0 |   1 |   20.0 |
          Lair |      7 |      7 |      0 |      0 |      0 |   1 |    7.0 |
         Sewer |    118 |    118 |      0 |      0 |      0 |   1 |  118.0 |
        Bailey |    578 |    578 |      0 |    113 |      0 |   1 |  578.0 |
               +--------+--------+--------+--------+--------+-----+--------+

Top non-repeatable levels by time:
     D:9: 806 daAuts
     D:7: 773 daAuts
     D:2: 671 daAuts
    D:11: 631 daAuts
     D:8: 621 daAuts
     D:6: 584 daAuts
  Bailey: 578 daAuts
     D:3: 566 daAuts
     D:5: 411 daAuts
     D:1: 401 daAuts
    D:10: 389 daAuts
     D:4: 388 daAuts
   Sewer: 118 daAuts
    D:12: 30 daAuts
  Temple: 20 daAuts
